 Dungeon Crawl Stone Soup version 0.29.1-1-gd02db6906a (webtiles) character file.

Game seed: 9724094707548088386

52 GigaChad the Conjurer (level 3, -4/19 HPs)
             Began as a Deep Elf Conjurer on Sept 21, 2022.
             Killed by nerve-wracking pain
             ... invoked by an orc priest
              (8 damage)
             ... on level 2 of the Dungeon.
             The game lasted 00:03:27 (1685 turns).

GigaChad the Conjurer (Deep Elf Conjurer)           Turns: 1685, Time: 00:03:28

Health: -4/19      AC:  2    Str:  4    XL:     3   Next: 60%
Magic:  5/11       EV: 12    Int: 24    God:
Gold:   122        SH:  0    Dex: 13    Spells: 10/11 levels left

rFire   . . .      SeeInvis .   j - +2 dagger (venom)
rCold   . . .      Faith    .   (no shield)
rNeg    . . .      Spirit   .   a - +0 robe
rPois   .          Reflect  .   (no helmet)
rElec   .          Harm     .   (no cloak)
rCorr   .          Rampage  .   (no gloves)
Will    .....                   (no boots)
Stlth   ++........              (no amulet)
HPRegen 0.06/turn               (no ring)
MPRegen 0.12/turn               (no ring)

@: no status effects
A: no striking features
a: no special abilities


You were on level 2 of the Dungeon.
You visited 1 branch of the dungeon, and saw 2 of its levels.

You collected 122 gold pieces.

Inventory:

Hand Weapons
 h - a +0 dagger
 j - a +2 dagger of venom (weapon)
Missiles
 i - a throwing net
Armour
 a - a +0 robe (worn)
Scrolls
 c - a scroll of silence {unknown}
 e - 4 scrolls of identify {unknown}
 k - a scroll of amnesia {unknown}
 l - a scroll of vulnerability {unknown}
 n - a scroll of enchant armour {unknown}
Potions
 b - a potion of magic
 d - 3 potions of curing {unknown}
 f - a potion of resistance {unknown}
 g - a potion of lignification {unknown}
 m - a potion of cancellation {unknown}
 o - 2 potions of heal wounds {unknown}


   Skills:
 - Level 2.5 Dodging
 - Level 2.4 Stealth
 + Level 4.8 Spellcasting
 - Level 4.8 Conjurations


You had 10 spell levels left.
You knew the following spells:

 Your Spells              Type           Power      Damage    Failure   Level
a - Magic Dart            Conj           100%       1d8       1%          1

Your spell library contained the following spells:

 Spells                   Type           Power      Damage    Failure   Level
 Searing Ray              Conj           58%        2d6       1%          2
 Dazzling Flash           Conj/Hex       34%        N/A       10%         3
 Fulminant Prism          Conj/Hex       8%         3d7       32%         4
 Iskenderun's Mystic Bla  Conj/Tloc      17%        2d5       32%         4
 Starburst                Conj/Fire      8%         6d4       99%         6


Dungeon Overview and Level Annotations

Branches:
Dungeon (2/15)

Altars:


Message History

You kill the ball python!
You see here a ball python corpse.
An orc priest comes into view. It is wielding a +0 mace.
The orc priest shouts!
You hear a shout!
An orc comes into view. It is wielding a +0 club.
The orc shouts!
You hear a shout!
The magic dart hits the orc priest but does no damage.
You hear a shout!
An orc comes into view. It is wielding a +0 club.
The orc shouts!
The magic dart hits the orc priest.
The orc priest is lightly wounded.
An orc comes into view. It is wielding a +0 trident.
The magic dart hits the orc priest.
The orc priest is lightly wounded.
An orc wizard comes into view. It is wielding a +0 dagger.
The magic dart hits the orc priest.
The orc priest is moderately wounded.
A ball python comes into view.
An orc priest comes into view. It is wielding a +0 falchion.
The magic dart hits the orc priest.
The orc priest is heavily wounded.
The ball python hisses angrily.
The magic dart hits the orc priest.
The orc priest is almost dead.
The orc priest hits you with a +0 mace.
The orc hits you from afar with a +0 trident.
The magic dart hits the orc priest but does no damage.
The orc priest is almost dead.
The orc priest mumbles some strange prayers to Beogh against you.
Pain shoots through your body!
* * * LOW HITPOINT WARNING * * *
The orc misses you.
You are too injured to fight recklessly!
You are too injured to fight recklessly!
You are too injured to fight recklessly!
The orc priest barely misses you.
The orc priest mumbles some strange prayers to Beogh against you.
Pain shoots through your body!
You die...

#####..#......##......#
##.#.............†#
#.#......##.......
#.#......##.......
#.#......#####.##.
#.####.### #.##. . #.#
#.# #####.##. ... #.#
#.###........ #...# #@#
#.##..##..... ....oo#.#
##....#....... ......o.#
#..####..##.## .....ooS#
#..# ##..##.## ........#
#.####..###...
........###.#....#......
........##....##.#.....#
#######......##..#..†..#
##.....##.##.....#


You could see 2 orc priests, an orc wizard and a ball python.

Vanquished Creatures
  A worm (D:2)
  A dart slug (D:1)
  4 ball pythons (D:2)
  5 bats
  5 endoplasms
  2 giant cockroaches (D:1)
  5 hobgoblins
  6 jackals
  A quokka (D:2)
  2 frilled lizards (D:1)
  3 goblins
  3 kobolds
  3 rats (D:1)
41 creatures vanquished.

Notes
Turn   | Place    | Note
-------+----------+-------------------------------------------
     0 | D:1      | GigaChad the Deep Elf Conjurer began the quest for the Orb.
     0 | D:1      | Reached XP level 1. HP: 10/10 MP: 6/6
   373 | D:1      | Reached XP level 2. HP: 15/15 MP: 5/8
  1131 | D:2      | Reached XP level 3. HP: 19/19 MP: 8/10
  1685 | D:2      | Killed from afar by an orc priest

Illustrated notes

Levels and vault maps discovered:
D:1:      beargit_arrival_diablo_church, layout_loops_ring
D:2:      cheibrodos_pilgrimage, layout_rooms

Skill      XL: |  1  2 |
---------------+-------+-----
Spellcasting   | 4 |  4.8
Dodging        | |  2.5
Stealth        | |  2.4
Conjurations   | |  4.8

Action                   || total
-------------------------++-------
Melee: Dagger            ||     2
 Cast: Magic Dart        ||    83
  Use: Scroll            ||     1
Armor: Robe              ||     4
Dodge: Dodged            ||    11
